General information
			
			
        
        - name: BNet
 
        - type: Ladder 1vs1/FFA
 
        - host: Battle.net
 
        - saver: wUzi
 
        
map: EchoIsles 
        - players: 2
 
        - length: 19:35
 
        - speed: Fast
 - version: 1.22 W3XP
 - replay type:  Public
 
» download(53 KB)
Players
        team 1 (winner) 
              
              
wUzi (
purple | 61 APM | 1193 actions | 19:35)
              
 7 Warden 
 3 Shadow Strike
 3 Blink
 1 Spirit of Vengeance
 
                » actions 
                
                | Assign group hotkey | 10 |  | 
| Build / train | 67 |  | 
| Enter build submenu | 18 |  | 
| Enter hero's abilities submenu | 7 |  | 
| Remove unit from queue | 1 |  | 
| Right click | 617 |  | 
| Select / deselect | 353 |  | 
| Select group hotkey | 62 |  | 
| Use ability | 58 |  | 
                1193 total
 » units 
                
                | Wisp | 14 |  | 
| Archer | 3 |  | 
| Huntress | 17 |  | 
| Dryad | 9 |  | 
| Mountain Giant | 1 |  | 
| Druid of the Claw | 3 |  | 
                47 total
 » upgrades
                
                | Moon Armor | 2 |  | 
| Strength of the Moon | 2 |  | 
| Upgrade Moon Glaive | 1 |  | 
| Strength of the Wild | 1 |  | 
| Reinforced Hides | 1 |  | 
| Abolish Magic | 1 |  | 
| Druid of the Claw Training | 1 |  | 
                9 total
 » buildings
                
                | Altar of Elders | 2 |  | 
| Moon Well | 8 |  | 
| Ancient of War | 2 |  | 
| Hunter's Hall | 2 |  | 
| Tree of Ages | 1 |  | 
| Ancient of Wonders | 2 |  | 
| Tree of Eternity | 1 |  | 
| Ancient of Lore | 1 |  | 
                19 total
 » build order
                00:03 Altar of Elders
00:19 Moon Well
00:35 Ancient of War
01:31 Moon Well
02:19 Hunter's Hall
03:24 Moon Well
04:39 Moon Well
07:17 Ancient of War
07:21 Tree of Ages
08:25 Moon Well
09:11 Ancient of Wonders
10:17 Tree of Eternity
11:53 Moon Well
12:37 Ancient of Lore
13:12 Hunter's Hall
15:24 Moon Well
16:22 Ancient of Wonders
17:10 Altar of Elders
18:46 Moon Well
 
               team 2 (loser) 
              
              
gahtzu (
yellow | 50 APM | 969 actions | 19:31)
              
 2 Dreadlord 
 1 Sleep
 1 Vampiric Aura
 
                » actions 
                
                | Assign group hotkey | 14 |  | 
| Build / train | 60 |  | 
| Enter build submenu | 8 |  | 
| Enter hero's abilities submenu | 2 |  | 
| Right click | 400 |  | 
| Select / deselect | 288 |  | 
| Select group hotkey | 182 |  | 
| Use ability | 15 |  | 
                969 total
 » units 
                
                | Acolyte | 3 |  | 
| Ghoul | 29 |  | 
| Crypt Fiend | 17 |  | 
| Gargoyle | 3 |  | 
                52 total
 » upgrades
                
                | Creature Carapace | 1 |  | 
| Creature Attack | 1 |  | 
| Web | 1 |  | 
                3 total
 » buildings
                
                | Crypt | 2 |  | 
| Ziggurat | 3 |  | 
| Altar of Darkness | 1 |  | 
| Graveyard | 1 |  | 
| Nerubian Tower | 1 |  | 
| Halls of the Dead | 1 |  | 
                9 total
 » build order
                00:10 Crypt
00:15 Crypt
00:37 Ziggurat
01:06 Ziggurat
03:10 Altar of Darkness
04:35 Ziggurat
06:24 Graveyard
06:54 Nerubian Tower
14:57 Halls of the Dead
 
                Chat log
          
(19:11 / All) gahtzu: i applaud u